 Dungeon Crawl Stone Soup version 0.30-a0-141-g30f27751c5 (webtiles) character file.

Game seed: 1317026899753616021

32 qw the Chopper (level 3, -2/23 HPs)
             Began as a Gargoyle Fighter on Sept 25, 2022.
             Slain by Terence
             ... wielding a +0 flail
              (8 damage)
             ... on level 3 of the Dungeon.
             The game lasted 00:00:29 (1882 turns).

qw the Chopper (Gargoyle Fighter)                   Turns: 1882, Time: 00:00:29

Health: -2/23      AC: 10    Str: 21    XL:     3   Next: 27%
Magic:  3/3        EV:  9    Int:  8    God:
Gold:   203        SH:  4    Dex:  9    Spells: 2/2 levels left

rFire   . . .      SeeInvis .    Y - +0 war axe
rCold   . . .      Faith    .    c - +0 buckler
rNeg    + . .      Spirit   .    b - +0 scale mail
rPois   inf        Reflect  .    (no helmet)
rElec   +          Harm     .    (no cloak)
rCorr   .          Rampage  .    (no gloves)
Will    .....                    (no boots)
Stlth   ..........               (no amulet)
HPRegen 0.07/turn                (no ring)
MPRegen 0.08/turn                (no ring)

@: no status effects
A: sickness immunity, AC +3, negative energy resistance 1, electricity
resistance, torment resistance 1, petrification resistance
a: no special abilities


You were on level 3 of the Dungeon.
You visited 1 branch of the dungeon, and saw 3 of its levels.

You collected 203 gold pieces.


Innate Abilities, Weirdness & Mutations

You are immune to sickness and miasma.
Your stone body is resilient. (AC +3)
You are immune to poison.
You resist negative energy. (rN+)
You are resistant to electric shocks. (rElec)
You are resistant to unholy torment.
You are immune to petrification.


   Skills:
 - Level 3.2 Fighting
 + Level 3.3 Axes
 - Level 3.2 Armour
 - Level 3.2 Shields


You had 2 spell levels left.
You didn't know any spells.
Your spell library was empty.

Inventory:

Hand Weapons
 i - a +0 whip of electrocution
 Y - a +0 war axe (weapon)
Armour
 b - a +0 scale mail (worn)
 c - a +0 buckler (worn)
Scrolls
 e - a scroll of teleportation
 f - a scroll of identify
Potions
 d - a potion of might
 g - a potion of curing
 h - a potion of attraction
 j - a potion of heal wounds {unknown}

Dungeon Overview and Level Annotations

Branches:
Dungeon (3/15)

Altars:

Annotations:
D:1 1 transporter
D:3 Terence


Message History

Done exploring.
(D) Dungeon
Where to? (* - list waypoints, Enter - D:2, ? - help)
What level of the Dungeon? (default 1, ? - help)
There is a stone staircase leading down here.
You climb downwards.
You hear the sound of rushing water.
There is an entrance to a sewer on this level.
Hurry and find it before the portal rusts away!
Terence shouts!
Found a scroll labelled LUKURPH ARUOB and a notched garnet ring.
There is a stone staircase leading up here.
Terence is nearby!
Existing waypoints: (1) D:2 (2) D:1 Assign waypoint to what number? (0-9, D - delete waypoint) Waypoint 2 re-assigned from D:1 to D:3.
1872 ||| PLANNING SEWER You barely miss Terence.
Terence hits you but does no damage.
You barely miss Terence. Terence hits you with a +0 flail.
You hit Terence.
Terence is moderately wounded.
Terence closely misses you. Terence hits you but does no damage.
You hit Terence.
Terence is heavily wounded.
Terence hits you with a +0 flail!
You barely miss Terence.
Terence is heavily wounded.
You block Terence's attack. x2
You closely miss Terence.
Terence is heavily wounded.
Terence hits you with a +0 flail.
You hit Terence.
Terence is heavily wounded.
Terence hits you but does no damage.
You closely miss Terence.
Terence is heavily wounded.
Terence hits you with a +0 flail!
You die...

..#############
....=.?@@......
.....##########
... .


You could see Terence.

Vanquished Creatures
  A worm (D:2)
  5 endoplasms
  2 giant cockroaches (D:1)
  2 hobgoblins (D:1)
  A quokka (D:2)
  3 ball pythons
  6 bats
  3 frilled lizards
  4 kobolds
  2 rats (D:2)
29 creatures vanquished.

Vanquished Creatures (others)
  A plant (D:1)
1 creature vanquished.

Grand Total: 30 creatures vanquished

Notes
Turn   | Place    | Note
-------+----------+-------------------------------------------
     0 | D:1      | qw the Gargoyle Fighter began the quest for the Orb.
     0 | D:1      | Reached XP level 1. HP: 14/14 MP: 1/1
     0 | D:1      | 0 ||| qw: Version: 0.2-a-10-g399e6c4
     0 | D:1      | 0 ||| qw: Game counter: 219
     0 | D:1      | 0 ||| qw: Always use a shield: true
     0 | D:1      | 0 ||| qw: God list: Okawaru
     0 | D:1      | 0 ||| qw: Allow faded altars: false
     0 | D:1      | 0 ||| qw: Do Orc after D:15 true
     0 | D:1      | 0 ||| qw: Do second Lair branch before Depths: true
     0 | D:1      | 0 ||| qw: Lair rune preference: random
     0 | D:1      | 0 ||| qw: Plans: Normal, Zot:1-4, God:TSO, Crypt, Tomb,
                  | Pan, Slime:5, Hells, Abyss, Orb
     0 | D:1      | 0 ||| PLANNING D:1-11
   477 | D:1      | Reached XP level 2. HP: 19/19 MP: 2/2
   523 | D:1      | 523 ||| DROPPING +0 whip.
   891 | D:1      | 891 ||| DROPPING ring of flight.
   892 | D:1      | 892 ||| READING scroll labelled ZERPHA SIYWN.
   893 | D:1      | 893 ||| READING scroll labelled LOOXZU VOGU.
   894 | D:1      | 894 ||| READING scroll labelled VENGONNEROL.
   925 | D:2      | 925 ||| STAIRDANCE
   936 | D:2      | 936 ||| STAIRDANCE
  1167 | D:2      | Reached skill level 3 in Axes
  1311 | D:2      | Found a faded altar of an unknown god.
  1368 | D:2      | Reached XP level 3. HP: 23/23 MP: 3/3
  1386 | D:2      | Identified the +9 long sword "Ibriega" {pain, rPois rC+
                  | Will+}
  1854 | D:2      | 1854 ||| READING 2 scrolls labelled ROIFEWOXEDGH.
  1855 | D:2      | 1855 ||| READING 2 scrolls labelled TIME GOILUQ.
  1858 | D:2      | 1858 ||| READING 3 scrolls of identify.
  1858 | D:2      | 1858 ||| IDENTIFYING pink potion
  1859 | D:2      | 1859 ||| READING 2 scrolls of identify.
  1859 | D:2      | 1859 ||| IDENTIFYING glowing silvery potion
  1860 | D:2      | 1860 ||| DROPPING scroll of magic mapping.
  1871 | D:3      | Noticed Terence
  1872 | D:3      | 1872 ||| PLANNING SEWER
  1882 | D:3      | Slain by Terence

Levels and vault maps discovered:
D:1:      spicycebolla_arrival_risky_transporter, layout_basic,
          chequers_serial_rivers_room_a, chequers_big_river
D:2:      layout_loops_ring, shapermc_ecumenical_altar_mp_urbaneastern,
          chequers_avenue, minmay_split_cup_small
D:3:      layout_loops_ring, lemuel_coloured_pillars_altar,
          mainiacjoe_overflow_catwalk, gup_sewer_entry_spiral, uniq_natasha,
          uniq_terence, uniq_ijyb

Skill      XL: |  1  2 |
---------------+-------+-----
Axes           | 2 3 |  3.3
Fighting       | |  3.2
Armour         | |  3.2
Shields        | |  3.2

Action                   || total
-------------------------++-------
Melee: War axe           ||    79
  Use: Scroll            ||     7
Armor: Scale mail        ||    29
Dodge: Dodged            ||    34
Block: Buckler           ||    14

Table legend:
 A = Non-vault XP
 B = Vault XP
 C = Vault XP percentage of total XP
 D = Non-vault monster count
 E = Vault monster count
 F = Vault count percentage of total count
                 A         B        C        D         E       F
            +---------+---------+-------+---------+---------+-------
      Total |      43 |       4 |   8.5 |      26 |       3 |  10.3
            +---------+---------+-------+---------+---------+-------
        D:1 |      19 |       0 |   0.0 |      12 |       0 |   0.0
        D:2 |      24 |       4 |  14.3 |      14 |       3 |  17.6
            +---------+---------+-------+---------+---------+-------
